 Dungeon Crawl Stone Soup version 0.30-a0-808-g6e0788376e (webtiles) character file.

Game seed: 5305176089219055992

315252 Zdeegee the Eclecticist (level 20, -3/160 (172) HPs)
             Began as a Purple Draconian Ice Elementalist on Feb 5, 2023.
             Was the Champion of Vehumet.
             Slain by a saltling (13 damage)
             ... summoned by a halazid warlock
             ... in the Desolation of Salt on Feb 26, 2023.
             The game lasted 04:14:46 (56977 turns).

Zdeegee the Eclecticist (DrIE)                     Turns: 56977, Time: 04:14:47

HP:   -3/160 (172)  AC: 20    Str: 11    XL:     20   Next: 50%
MP:   8/53          EV: 21    Int: 27    God:    Vehumet [******]
Gold: 2468          SH:  5    Dex: 22    Spells: 2/59 levels left

rFire   + . .      SeeInvis .    b - staff of cold
rCold   + + .      Faith    .    (no shield)
rNeg    . . .      Spirit   .    (body armour unavailable)
rPois   +          Reflect  +    c - +1 hat of the Iron City of Dis {Dex+5}
rElec   .          Harm     .    s - +3 cloak of the Goldsmith {Int+4 Dex+4}
rCorr   +          Rampage  .    u - +2 pair of gloves of the Skies Above {Fly rF+ rCorr}
Will    ++++.                    w - +1 pair of boots of the Dropbear {rC+}
Stlth   +++                      T - amulet of reflection
HPRegen 0.46/turn                d - ring of Liberty {MP+9 Slay+2}
MPRegen 0.33/turn                X - ring "Amen" {Wiz rPois Will+}

@: flying, studying Summonings, drained
A: breathe power, AC +10, unfitting armour, cold-blooded
}: 2/15 runes: decaying, gossamer
a: Breathe Dispelling Energy, Renounce Religion


You were in the Desolation of Salt.
You worshipped Vehumet.
Vehumet was exalted by your worship.
You visited 7 branches of the dungeon, and saw 35 of its levels.
You also visited: Sewer, Bailey and Desolation.

You collected 5401 gold pieces.
You spent 2933 gold pieces at shops.

Inventory:

Hand Weapons
 a - a +9 quick blade of venom
Armour
 c - the +1 hat of the Iron City of Dis (worn) {Dex+5}
   (You bought it in a shop on level 2 of the Orcish Mines)

   Dex:       It affects your dexterity (+5).
 s - the +3 cloak of the Goldsmith (worn) {Int+4 Dex+4}
   (You found it on level 2 of the Dungeon)

   Int:       It affects your intelligence (+4).
   Dex:       It affects your dexterity (+4).
 u - the +2 pair of gloves of the Skies Above (worn) {Fly rF+ rCorr}
   (You found it on level 3 of the Elven Halls)

   rF:        It protects you from fire.
   Fly:       It grants you flight.
   rCorr:     It protects you from acid and corrosion.
 v - the +0 pair of boots "Ennavuuc" {rPois rF+++ rC-}
   (You found it on level 4 of the Spider Nest)

   rF:        It renders you almost immune to fire.
   rC:        It makes you vulnerable to cold.
   rPois:     It protects you from poison.
 w - the +1 pair of boots of the Dropbear (worn) {rC+}
   (You acquired it on level 1 of the Elven Halls)

   rC:        It protects you from cold.
 N - an orb of energy
Magical Staves
 b - a staff of cold (weapon)
 U - a staff of air
Jewellery
 d - the ring of Liberty (left hand) {MP+9 Slay+2}
   (You found it on level 12 of the Dungeon)

   [ring of magical power]

   Slay:      It affects your accuracy & damage with ranged weapons and melee
   (+2).
   MP:        It affects your magic capacity (+9).
 j - an amulet of magic regeneration
 k - a ring of resist corrosion
 o - the ring of Daer Pae {EV+5 Int+2 Stlth+}
   (You found it in the Desolation of Salt)

   [ring of evasion]

   EV:        It affects your evasion (+5).
   Int:       It affects your intelligence (+2).
   Stlth:     It makes you more stealthy.
 I - the ring "Wuzxio" {rC+ Slay+3}
   (You found it on level 2 of the Orcish Mines)

   [ring of protection from cold]

   Slay:      It affects your accuracy & damage with ranged weapons and melee
   (+3).
   rC:        It protects you from cold.
 J - a +6 ring of intelligence
 L - the amulet "Kaudwure" {RegenMP Contam rN+ Dex+2}
   (You took it off a boggart on level 3 of the Elven Halls)

   [amulet of magic regeneration]

   It increases your rate of magic regeneration.
   Dex:       It affects your dexterity (+2).
   rN:        It protects you from negative energy.
   Contam:    It causes magical contamination when unequipped.
 T - an amulet of reflection (around neck)
 X - the ring "Amen" (right hand) {Wiz rPois Will+}
   (You bought it in a shop on level 2 of the Elven Halls)

   [ring of wizardry]

   It improves your spell success rate.
   rPois:     It protects you from poison.
   Will:      It increases your willpower.
 Y - the ring of Exhibitionism {Wiz rElec Dex+3}
   (You bought it in a shop on level 4 of the Dungeon)

   [ring of wizardry]

   It improves your spell success rate.
   Dex:       It affects your dexterity (+3).
   rElec:     It insulates you from electricity.
 Z - a ring of see invisible
Wands
 n - a wand of quicksilver (3)
 y - a wand of roots (26)
 D - a wand of flame (89)
 P - a wand of digging (3)
 R - a wand of mindburst (16)
Scrolls
 e - 5 scrolls of teleportation
 g - 3 scrolls of amnesia
 r - 9 scrolls of enchant armour
 B - a scroll of poison
 C - 4 scrolls of magic mapping
 M - 6 scrolls of blinking
 Q - 3 scrolls of summoning
 V - 3 scrolls of fear
 W - 2 scrolls of fog
Potions
 f - a potion of invisibility
 l - 6 potions of flight
 m - 13 potions of curing
 p - 8 potions of ambrosia
 q - 9 potions of might
 t - 4 potions of magic
 x - 3 potions of brilliance
 A - 7 potions of haste
 F - 6 potions of heal wounds
 G - a potion of berserk rage
 H - 4 potions of lignification
 K - 9 potions of mutation
 O - 2 potions of resistance
 S - 2 potions of cancellation
Miscellaneous
 h - a phantom mirror (inert)
 i - a phial of floods (inert)
 z - a condenser vane (inert)
 E - a lightning rod (3/4)


   Skills:
 * Level 13.5 Fighting
 + Level 3.3 Short Blades
 + Level 0.2 Staves
 * Level 11.7 Dodging
 + Level 4.7 Stealth
 + Level 1.1 Shields
 + Level 20.4 Spellcasting
 * Level 15.1 Conjurations
 + Level 2.2 Hexes
 + Level 8.1 Summonings
 + Level 0.6 Translocations
 + Level 1.9 Transmutations
 + Level 0.4 Fire Magic
 * Level 13.9 Ice Magic
 + Level 4.0 Air Magic
 * Level 14.3 Earth Magic
 + Level 1.5 Poison Magic
 + Level 9.2 Invocations
 + Level 10.9 Evocations


You had 2 spell levels left.
You knew the following spells:

 Your Spells              Type           Power      Damage    Failure   Level
a - Freeze                Ice            100%       1d10      0%          1
b - Metabolic Englaciati  Hex/Ice        41%        N/A       1%          5
c - Ozocubu's Refrigerat  Ice            50%        4d18      1%          7
d - Blink                 Tloc           60%        N/A       1%          2
e - Lehudib's Crystal Sp  Conj/Erth      41%        10d10     3%          8
f - Stone Arrow           Conj/Erth      100%       3d13      0%          3
g - Orb of Destruction    Conj           41%        9d11      1%          7
i - Petrify               Tmut/Erth      64%        N/A       1%          4
j - Freezing Cloud        Conj/Ice/Air   46%        6-21      1%          5
k - Lee's Rapid Deconstr  Erth           40%        3d20*     1%          5
l - Lightning Bolt        Conj/Air       34%        1d51      1%          5
m - Yara's Violent Unrav  Hex/Tmut       19%        3d9       2%          5

Your spell library contained the following spells:

 Spells                   Type           Power      Damage    Failure   Level
 Shatter                  Erth           40%        3d32*     36%         9
 Polar Vortex             Ice            50%        N/A       41%         9
 Chain Lightning          Conj/Air       34%        3d45      90%         9
 Magic Dart               Conj           100%       1d8       0%          1
 Sandblast                Erth           100%       2d20      0%          1
 Searing Ray              Conj           100%       2d8       0%          2
 Beastly Appendage        Tmut           76%        N/A       1%          1
 Kiss of Death            Conj/Necr      100%       2d13      1%          1
 Shock                    Conj/Air       100%       1d9       1%          1
 Sting                    Tmut/Pois      100%       1d8       1%          1
 Summon Small Mammal      Summ           100%       N/A       1%          1
 Cigotuvi's Dreadful Rot  Necr/Pois/Air  74%        N/A       1%          2
 Ensorcelled Hibernation  Hex/Ice        100%       N/A       1%          2
 Lesser Beckoning         Tloc           60%        N/A       1%          2
 Momentum Strike          Conj/Tloc      100%       3d10      1%          2
 Passwall                 Tmut/Erth      53%        N/A       1%          2
 Poisonous Vapours        Pois/Air       84%        N/A       1%          2
 Scorch                   Fire           60%        2d8       1%          2
 Static Discharge         Conj/Air       100%       2-7/arc   1%          2
 Wereblood                Tmut           38%        N/A       1%          2
 Frozen Ramparts          Ice            100%       1d16      0%          3
 Hailstorm                Conj/Ice       100%       3d20      0%          3
 Ozocubu's Armour         Ice            100%       N/A       0%          3
 Call Canine Familiar     Summ           63%        N/A       1%          3
 Dazzling Flash           Conj/Hex       100%       N/A       1%          3
 Ignite Poison            Fire/Tmut/Pois 34%        N/A       1%          3
 Kindle Blastsparks       Fire/Tloc/Air  72%        2d16      1%          3
 Mephitic Cloud           Conj/Pois/Air  59%        N/A       1%          3
 Portal Projectile        Hex/Tloc       70%        N/A       1%          3
 Spider Form              Tmut/Pois      36%        N/A       1%          3
 Summon Guardian Golem    Hex/Summ       53%        N/A       1%          3
 Swiftness                Air            49%        N/A       1%          3
 Tukima's Dance           Hex            39%        N/A       1%          3
 Airstrike                Air            24%        2d(4-20)  1%          4
 Flame Wave               Conj/Fire      62%        2d14      1%          4
 Fulminant Prism          Conj/Hex       32%        3d16      1%          4
 Ice Form                 Ice/Tmut       81%        N/A       1%          4
 Iskenderun's Mystic Bla  Conj/Tloc      63%        2d13      1%          4
 Olgreb's Toxic Radiance  Pois           35%        N/A       1%          4
 Summon Ice Beast         Ice/Summ       92%        N/A       1%          4
 Summon Lightning Spire   Summ/Air       57%        N/A       1%          4
 Fireball                 Conj/Fire      31%        3d13      1%          5
 Irradiate                Conj/Tmut      32%        3d22      1%          5
 Iskenderun's Battlesphe  Conj           83%        2d13      1%          5
 Summon Mana Viper        Hex/Summ       53%        N/A       1%          5
 Conjure Ball Lightning   Conj/Air       34%        3x3d11    1%          6
 Summon Forest            Summ/Tloc      25%        N/A       2%          5
 Summon Cactus Giant      Summ           31%        N/A       3%          6
 Anguish                  Hex/Necr       16%        N/A       4%          4
 Simulacrum               Ice/Necr       39%        N/A       5%          6
 Blade Hands              Tmut           19%        N/A       8%          5
 Eringya's Noxious Bog    Tmut/Pois      18%        N/A       13%         6
 Agony                    Necr           27%        N/A       16%         5
 Monstrous Menagerie      Summ           31%        N/A       17%         7
 Malign Gateway           Summ/Tloc      25%        N/A       61%         7
 Dragon Form              Tmut           19%        N/A       89%         7
 Ignition                 Fire           15%        3d6       99%         8
 Death's Door             Necr           13%        N/A       100%        9
 Dragon's Call            Summ           31%        N/A       100%        9
 Animate Armour           Summ/Erth      Unusable   N/A       N/A         4

Dungeon Overview and Level Annotations

Branches:
Dungeon (15/15)            Temple (0/1) D:5            Lair (5/5) D:9
  Swamp (4/4) Lair:2       Spider (4/4) Lair:2        Slime (0/5) Lair:5
    Orc (2/2) D:10            Elf (3/3) Orc:2        Vaults (2/5) D:14
 Depths (0/4) D:15          Sewer (visited)          Bailey (visited)
Desolation (1/1)
  Crypt: Vaults:2-3

Altars:
Ashenzari
Dithmenos
Elyvilon
Fedhas
Kikubaaqudgha
Makhleb
Nemelex Xobeh
Ru
Sif Muna
Trog
Uskayaw
Vehumet
Xom
Zin
The Shining One

Shops:
D:2 !   D:4 =   Orc:2 ?[=[   Elf:1 !   Elf:2 =   Elf:3 (*(:(

Annotations:
D:4 3 runed translucent doors, Airmonger's ghost, amateur MfIE; Darius099's ghost, amateur MiFi; valliere's ghost, amateur DrTm
D:8 1 runed translucent door, Ceno's ghost, novice AtWr
D:12 1 transporter, souper's ghost, journeyman DsHu
D:13 2 transporters


Innate Abilities, Weirdness & Mutations

You can breathe bolts of dispelling energy.
Your rich purple scales are hard. (AC +10)
You cannot fit into any form of body armour.
You are cold-blooded and may be slowed by cold attacks.


Message History

The condenser dries out!
The peacekeeper is engulfed in freezing vapours.
The peacekeeper misses you. The peacekeeper closely misses you.
The saltling is engulfed in freezing vapours. x2
The saltling barely misses you.
The halazid warlock is engulfed in freezing vapours.
The halazid warlock touches you.
You writhe in agony.
* * * LOW HITPOINT WARNING * * *
The saltling is engulfed in freezing vapours.
The peacekeeper is engulfed in freezing vapours.
The saltling is engulfed in freezing vapours. x3
You destroy the saltling!
The saltling dissolves into shadows!
The saltling is engulfed in freezing vapours. x2
The saltling barely misses you.
The saltling is engulfed in freezing vapours.
You block the saltling's attack.
The servant of whispers is engulfed in freezing vapours.
The servant of whispers hits you but does no damage.
The molten gargoyle is engulfed in freezing vapours.
The peacekeeper is engulfed in freezing vapours.
The peacekeeper bites you!
* * * LOW HITPOINT WARNING * * *
The peacekeeper completely misses you.
You feel much better. The saltling misses you.
The saltling is engulfed in freezing vapours.
The peacekeeper is engulfed in freezing vapours.
The ragged hierophant gestures at you while chanting.
A blast of power from the earth and the adjacent constructs strikes you!
* * * LOW HITPOINT WARNING * * *
The halazid warlock closely misses you.
The peacekeeper is engulfed in freezing vapours.
The peacekeeper bites you!!
* * * LOW HITPOINT WARNING * * *
The peacekeeper barely misses you.
The saltling is engulfed in freezing vapours. x2
The saltling completely misses you.
The saltling is engulfed in freezing vapours. x2
The saltling hits you!
You die...

. § ... § ... .
.....§§.. .
...##§§§##### ..
#...§§9#§§§#
.......#...#.9a§99#
..............#L99#
........#.#...##@##
.............§§999#
.............§§9§§#
)......####...#..#a.....
.......#=..##.##§§§§..#.
....§..#§.#...#.§§#§9...
......§§?.##....#[#.....
§.#....#####..#.###.....
§§§§...§.......... .§§§


You could see a ragged hierophant, a servant of whispers (summoned), a halazid
warlock, 2 peacekeepers, a molten gargoyle (summoned, strong) and 7 saltlings.

Vanquished Creatures
  Nikola (Spider:2)
  2 deep elf blademasters (Elf:3)
  2 deep elf master archers (Elf:3)
  Gastronok (D:9)
  Agnes (D:14)
  2 fenstrider witches (Swamp:4)
  The ghost of Dittersdorf the Warrior, an adept GrFi of Okawaru (Orc:1)
  3 vault wardens
  5 deep elf sorcerers
  4 emperor scorpions
  4 ghost moths
  5 deep elf elementalists
  6 ironbound preservers (Vaults:1)
  An ironbound thunderhulk (Vaults:1)
  A stone giant (D:15)
  3 broodmothers
  A very ugly thing (Vaults:1)
  7 deep elf demonologists
  3 dire elephants (Vaults:1)
  7 deep elf annihilators
  8 eleionomae
  3 bunyips
  2 spark wasps (Spider:2)
  The ghost of Pooter the Severer, a journeyman MiBe of Trog (Orc:2)
  The ghost of niangp the Fighter, a journeyman DsBe of Trog (Orc:1)
  9 deep elf death magi
  7 entropy weavers
  2 crystal guardians (Desolation)
  The ghost of asti the Fighter, a journeyman MiBe of Trog (Orc:1)
  A mummy priest (Elf:3)
  Fannar (D:11)
  5 ragged hierophants (Desolation)
  2 great orbs of eyes
  A yaktaur captain (Vaults:1)
  3 servants of whispers (Desolation)
  2 vault guards
  3 ghost crabs
  4 deep elf high priests
  15 hydras
  4 jorogumos
  2 ogre magi (Orc:2)
  4 centaur warriors
  2 peacekeepers (Desolation)
  A radroach (Spider:3)
  9 two-headed ogres
  10 boulder beetles
  29 dancing weapons
  3 orc high priests
  9 death scarabs
  8 death yaks
  8 alligators
  A tengu warrior (D:15)
  A spriggan berserker (Swamp:3)
  Urug (D:13)
  7 spriggans
  A skyshark (Lair:3)
  21 deep elf knights
  3 skeletal warriors (D:13)
  17 pharaoh ants
  8 goliath frogs
  2 shadow demons (Elf:3)
  23 deep trolls (Vaults:1)
  8 orb spiders
  4 spriggan druids
  4 bog bodies
  11 deep elf archers
  7 steelbarb worms
  4 lindwurms
  11 swamp dragons
  2 wizards
  4 orc knights
  8 ironbound convokers
  35 deep elf zephyrmancers
  32 deep elf pyromancers
  3 ugly things
  7 orc sorcerers (Orc:2)
  5 cyclopes
  2 manticores
  4 will-o-the-wisps
  4 black mambas
  22 wolf spiders
  6 moths of wrath
  4 elephants (Lair:1)
  9 demonic crawlers
  3 vault sentinels
  An eye of devastation (shapeshifter) (Elf:3)
  4 guardian serpents (Desolation)
  19 cane toads
  2 gargoyles
  3 torpor snails
  5 spectral redbacks (Spider:4)
  A redback zombie (Spider:4)
  2 unseen horrors
  2 ice devils (D:11)
  A yaktaur (shapeshifter) (Elf:3)
  9 yaktaurs
  3 komodo dragons
  2 kobold demonologists (Elf:3)
  A tengu conjurer (D:15)
  3 rime drakes
  4 efreet
  9 meliai
  4 spectral culicivoras (Spider:4)
  8 trolls
  7 tyrant leeches
  A bloated husk (Swamp:1)
  3 spectral tarantellas (Spider:4)
  A polar bear (Lair:5)
  21 blink frogs
  33 tarantellas
  4 dream sheep (Lair:4)
  28 saltlings (Desolation)
  2 jumping spider zombies (Spider:4)
  6 hornets
  29 jumping spiders
  9 slime creatures (Vaults:1)
  4 air elementals
  A shadow (D:11)
  A wraith (D:11)
  28 culicivoras
  A water elemental (Elf:3)
  3 wyverns
  39 yaks
  A vampire (D:12)
  2 fire elementals
  4 basilisks
  A hog (shapeshifter) (D:14)
  Grum (Lair:1)
  62 redbacks
  Menkaure (D:7)
  3 wargs (Orc:2)
  10 swamp worms
  20 vampire mosquitoes
  13 water moccasins
  9 swamp drakes (Swamp:4)
  2 nameless horrors
  2 sky beasts (D:6)
  An ice beast (D:8)
  24 orc warriors
  12 ogres
  2 boggarts (Elf:3)
  12 wolves
  8 centaurs
  A phantom (D:5)
  6 kobold brigands
  13 bullfrogs
  A gnoll sergeant (D:10)
  3 necrophages
  4 earth elementals (Elf:3)
  3 scorpions
  11 wights
  22 killer bees
  3 howler monkeys (D:12)
  5 electric eels
  A jelly (shapeshifter) (Elf:1)
  6 hounds
  A gnoll bouda (D:8)
  10 orc priests
  3 jellies
  4 iguanas
  Natasha (thrice) (D:4)
  39 orc wizards
  Ijyb (D:4)
  2 hell rats (D:9)
  12 gnolls
  12 adders
  6 river rats
  2 white imps
  2 worms
  2 dart slugs (D:2)
  67 orcs
  10 ball pythons
  A bat zombie (D:9)
  9 endoplasms
  4 giant cockroaches
  9 goblins
  A hobgoblin (D:4)
  A quokka (D:9)
  3 bats
  7 frilled lizards
  22 kobolds
  12 rats
  A rat zombie (D:9)
1323 creatures vanquished.

Vanquished Creatures (collateral kills)
  the Lernaean hydra (Swamp:4)
  2 very ugly things (Vaults:1)
  A two-headed ogre (D:10)
  2 dancing weapons
  A swamp dragon (Swamp:2)
  A bog body (Lair:2)
  An elephant (Lair:1)
  A cane toad (Lair:5)
  A komodo dragon (D:8)
  A kobold demonologist (D:9)
  A tyrant leech (Lair:5)
  2 blink frogs (Lair:5)
  A jumping spider (Lair:2)
  6 yaks
  An ogre (D:5)
  2 wolves (Lair:2)
  2 kobold brigands (Bailey)
  A gnoll sergeant (D:9)
  2 scorpions (D:5)
  A gnoll bouda (D:5)
  An orc wizard (D:10)
  A river rat (D:9)
  5 gnolls
  2 orcs
  2 kobolds (D:11)
  A rat (D:9)
43 creatures vanquished.

Vanquished Creatures (others)
  Erolcha (Orc:2)
  An air elemental (Elf:3)
  A swamp worm (Swamp:3)
  A bush (D:14)
  16 foxfires
  20 fungi
  68 plants
108 creatures vanquished.

Grand Total: 1474 creatures vanquished

Notes
Turn   | Place    | Note
-------+----------+-------------------------------------------
     0 | D:1      | Zdeegee the Draconian Ice Elementalist began the quest for
                  | the Orb.
     0 | D:1      | Reached XP level 1. HP: 14/14 MP: 3/3
   306 | D:1      | Reached XP level 2. HP: 22/22 MP: 5/5
   924 | D:2      | Identified the +3 cloak of the Goldsmith {Int+4 Dex+4}
  1064 | D:2      | Reached XP level 3. HP: 27/27 MP: 1/6
  1321 | D:2      | Learned a level 3 spell: Frozen Ramparts
  1323 | D:2      | Learned a level 1 spell: Sandblast
  1371 | D:2      | Reached skill level 1 in Fighting
  1371 | D:2      | Reached XP level 4. HP: 35/35 MP: 1/7
  1641 | D:2      | Reached skill level 1 in Earth Magic
  1729 | D:2      | Found a faded altar of an unknown god.
  1879 | D:2      | Found Tizuk's Distillery.
  1891 | D:2      | Reached skill level 1 in Conjurations
  1962 | D:2      | Bought a potion of heal wounds for 55 gold pieces
  1997 | D:2      | Learned a level 2 spell: Blink
  2198 | D:3      | Reached skill level 1 in Invocations
  2252 | D:3      | Upgraded the game from 0.30-a0-743-gbfdf073431 to
                  | 0.30-a0-760-g5a9884bb7c
  2397 | D:3      | Found a radiant altar of Vehumet.
  2409 | D:3      | Became a worshipper of Vehumet
  2468 | D:3      | Reached XP level 5. HP: 40/40 MP: 7/9
  2630 | D:3      | Reached skill level 3 in Spellcasting
  2733 | D:3      | Found a shimmering blue altar of Sif Muna.
  2870 | D:3      | Upgraded the game from 0.30-a0-760-g5a9884bb7c to
                  | 0.30-a0-782-ge64f9170bb
  2913 | D:4      | Found a runed translucent gate.
  2954 | D:4      | Found Neasoeh's Jewellery Shop.
  2971 | D:4      | Noticed Natasha
  2977 | D:4      | Killed Natasha
  2989 | D:4      | Reached XP level 6. HP: 40/47 MP: 2/11
  2989 | D:4      | Noticed Natasha
  3018 | D:4      | Killed Natasha
  3070 | D:4      | Found a glowing drain.
  3179 | D:4      | Learned a level 4 spell: Summon Ice Beast
  3182 | Sewer    | Entered a sewer
  3190 | Sewer    | Reached * piety under Vehumet
  3190 | Sewer    | Offered knowledge of Magic Dart by Vehumet.
  3742 | D:4      | Noticed Natasha
  3747 | D:4      | Killed Natasha
  3828 | D:4      | Found a runed translucent gate.
  3829 | D:4      | Found a runed translucent gate.
  3831 | D:4      | Noticed valliere's ghost (amateur DrTm)
  3831 | D:4      | Noticed Darius099's ghost (amateur MiFi)
  3833 | D:4      | Noticed Airmonger's ghost (amateur MfIE)
  3857 | D:4      | Noticed Ijyb
  3859 | D:4      | Paralysed by Ijyb for 4 turns
  3869 | D:4      | Killed Ijyb
  3870 | D:4      | Reached skill level 5 in Ice Magic
  4089 | D:4      | Your scales start taking on a rich purple colour.
  4089 | D:4      | Reached skill level 4 in Spellcasting
  4089 | D:4      | Reached XP level 7. HP: 49/55 MP: 7/13
  4149 | D:4      | Learned a level 3 spell: Stone Arrow
  4261 | D:4      | Found a glowing silver altar of Zin.
  4275 | D:4      | Found a blossoming altar of Fedhas.
  4278 | D:4      | Found a burning altar of Makhleb.
  4281 | D:4      | Found a hide-covered altar of Uskayaw.
  4338 | D:5      | Entered Level 5 of the Dungeon
  4485 | D:5      | Found a white marble altar of Elyvilon.
  4494 | D:5      | Noticed a nameless horror
  4506 | D:5      | Reached skill level 5 in Spellcasting
  4541 | D:5      | Killed a nameless horror
  4666 | D:5      | Reached skill level 1 in Evocations
  4672 | D:5      | Noticed a nameless horror
  4719 | D:7      | Reached ** piety under Vehumet
  4719 | D:7      | Offered knowledge of Kiss of Death by Vehumet.
  4933 | D:7      | Reached XP level 8. HP: 41/62 MP: 11/16
  4962 | D:7      | Noticed Menkaure
  4965 | D:7      | Reached skill level 6 in Spellcasting
  4981 | D:7      | Killed Menkaure
  4982 | D:7      | Reached skill level 1 in Short Blades
  5150 | D:6      | Found a broken altar of Ashenzari.
  5362 | D:5      | Learned a level 3 spell: Ozocubu's Armour
  5627 | D:5      | Reached XP level 9. HP: 70/70 MP: 12/18
  5917 | D:5      | Found a sacrificial altar of Ru.
  5917 | D:5      | Found a shadowy altar of Dithmenos.
  6051 | D:5      | Found a staircase to the Ecumenical Temple.
  6078 | D:5      | Offered knowledge of Mephitic Cloud by Vehumet.
  6083 | D:5      | Learned a level 3 spell: Mephitic Cloud
  6223 | D:6      | Found a shimmering altar of Xom.
  6226 | D:6      | Found a shimmering altar of Xom.
  6230 | D:6      | Found a shimmering altar of Xom.
  6231 | D:6      | Found a shimmering altar of Xom.
  6231 | D:6      | Found a shimmering altar of Xom.
  6232 | D:6      | Found a shimmering altar of Xom.
  6494 | D:6      | Killed a nameless horror
  6572 | D:6      | Reached skill level 5 in Fighting
  6572 | D:6      | Reached skill level 5 in Dodging
  6572 | D:6      | Reached skill level 8 in Spellcasting
  6572 | D:6      | Reached skill level 5 in Conjurations
  6572 | D:6      | Reached XP level 10. HP: 81/81 MP: 19/22
  6946 | D:6      | Found a glowing golden altar of the Shining One.
  7021 | D:7      | Reached *** piety under Vehumet
  7135 | D:7      | Got Vinewaq's Omnibus of Mercurial Venin
  7137 | D:7      | Upgraded the game from 0.30-a0-782-ge64f9170bb to
                  | 0.30-a0-793-g160f7cfddd
  7161 | D:7      | Learned a level 4 spell: Petrify
  7339 | D:8      | Reached skill level 5 in Earth Magic
  7447 | D:8      | Noticed a two-headed ogre
  7468 | D:8      | Killed a two-headed ogre
  7469 | D:8      | Reached skill level 5 in Invocations
  7540 | D:8      | Found a flagged portal.
  7564 | Bailey   | Entered a bailey
  7623 | Bailey   | Reached skill level 5 in Evocations
  7668 | Bailey   | Offered knowledge of Hailstorm by Vehumet.
  7782 | Bailey   | Found a burning altar of Makhleb.
  7881 | D:8      | You fall into a shaft and drop 1 floor!
  8092 | D:8      | Reached XP level 11. HP: 89/89 MP: 9/23
  8271 | D:8      | Reached **** piety under Vehumet
  8433 | D:8      | Found a runed translucent door.
  8433 | D:8      | Noticed Ceno's ghost (novice AtWr)
  8567 | D:9      | Found a white marble altar of Elyvilon.
  8725 | D:9      | Offered knowledge of Ignite Poison by Vehumet.
  8777 | D:9      | Found a burning altar of Makhleb.
  8837 | D:9      | Found a staircase to the Lair.
  8838 | D:9      | Noticed a death yak
  8839 | D:9      | Noticed a death yak
  8842 | D:9      | Noticed a death yak
  8856 | D:9      | Killed a death yak
  8857 | D:9      | Reached skill level 9 in Spellcasting
  8857 | D:9      | Killed a death yak
  8861 | D:9      | Killed a death yak
  9351 | D:9      | Noticed Gastronok
  9809 | D:9      | Found an ancient bone altar of Kikubaaqudgha.
 10129 | D:9      | Killed Gastronok
 10169 | D:10     | Entered Level 10 of the Dungeon
 10177 | D:10     | Identified the +8 halberd of the Soft God {vamp, rElec}
 10190 | D:10     | Found a staircase to the Orcish Mines.
 10203 | D:10     | Noticed a two-headed ogre
 10221 | D:10     | Killed a two-headed ogre
 10346 | D:10     | Identified the +6 scale mail "Jatosso" {rN+}
 10402 | D:10     | Found a sparkling altar of Nemelex Xobeh.
 10429 | D:10     | Noticed a two-headed ogre
 10438 | D:10     | Killed a two-headed ogre
 10439 | D:10     | Reached skill level 10 in Spellcasting
 10439 | D:10     | Reached skill level 1 in Air Magic
 10450 | D:10     | Learned a level 3 spell: Ignite Poison
 10611 | D:10     | Found a transporter.
 10762 | D:10     | Reached XP level 12. HP: 70/97 MP: 20/26
 11171 | D:11     | Noticed Fannar
 11180 | D:11     | Killed Fannar
 11180 | D:11     | Reached ***** piety under Vehumet
 11187 | D:11     | Offered knowledge of Iskenderun's Mystic Blast by Vehumet.
 11233 | D:11     | Learned a level 4 spell: Iskenderun's Mystic Blast
 11383 | D:11     | Found a sparkling altar of Nemelex Xobeh.
 11475 | D:11     | Noticed a boulder beetle
 11589 | Lair:1   | Entered Level 1 of the Lair of Beasts
 11763 | Lair:1   | Noticed Grum
 11766 | Lair:1   | Killed Grum
 12026 | Lair:1   | Reached skill level 11 in Spellcasting
 12665 | Lair:2   | Noticed a death yak
 12665 | Lair:2   | Noticed a death yak
 12667 | Lair:2   | Noticed a death yak
 12671 | Lair:2   | Noticed a death yak
 12674 | Lair:2   | Noticed a death yak
 12677 | Lair:2   | Killed a death yak
 12682 | Lair:2   | Killed a death yak
 12683 | Lair:2   | Killed a death yak
 12685 | Lair:2   | Killed a death yak
 12689 | Lair:2   | Reached skill level 1 in Poison Magic
 12691 | Lair:2   | Killed a death yak
 12762 | Lair:2   | Found a staircase to the Swamp.
 12857 | Lair:2   | Reached XP level 13. HP: 95/107 MP: 16/28
 13077 | Lair:2   | Found a hole to the Spider Nest.
 14439 | Lair:3   | Reached skill level 12 in Spellcasting
 16128 | Lair:4   | Learned a level 4 spell: Flame Wave
 16338 | Lair:5   | Entered Level 5 of the Lair of Beasts
 16402 | Lair:5   | Offered knowledge of Conjure Ball Lightning by Vehumet.
 17163 | Lair:5   | Reached skill level 13 in Spellcasting
 17430 | Lair:5   | Found a staircase to the Slime Pits.
 17797 | Lair:5   | Reached XP level 14. HP: 108/116 MP: 31/31
 18289 | Lair:5   | Learned a level 5 spell: Lee's Rapid Deconstruction
 18946 | Orc:1    | Entered Level 1 of the Orcish Mines
 19325 | Orc:1    | Reached ****** piety under Vehumet
 19404 | Orc:1    | Reached skill level 10 in Ice Magic
 19499 | Orc:1    | Offered knowledge of Orb of Destruction by Vehumet.
 19556 | Orc:1    | Learned a level 7 spell: Orb of Destruction
 19813 | Orc:2    | Entered Level 2 of the Orcish Mines
 20418 | Orc:2    | Found a runed translucent gate.
 20418 | Orc:2    | Found a runed translucent gate.
 20418 | Orc:2    | Found a runed translucent gate.
 20420 | Orc:2    | Noticed niangp's ghost (journeyman DsBe)
 20420 | Orc:2    | Noticed Pooter's ghost (journeyman MiBe)
 20421 | Orc:2    | Noticed asti's ghost (journeyman MiBe)
 20421 | Orc:2    | Noticed Dittersdorf's ghost (adept GrFi)
 20876 | Orc:2    | Found a staircase to the Elven Halls.
 20944 | Orc:2    | Paralysed by an ogre mage for 4 turns
 20955 | Orc:2    | Reached skill level 14 in Spellcasting
 21049 | Orc:2    | Found a radiant altar of Vehumet.
 21115 | Orc:2    | Found Midibruts's Jewellery Emporium.
 21168 | Orc:2    | Found an ancient bone altar of Kikubaaqudgha.
 21183 | Orc:2    | Found Gergh's Antique Armour Emporium.
 21189 | Orc:2    | Noticed Erolcha
 21198 | Orc:2    | Killed Erolcha
 21321 | Orc:2    | Offered knowledge of Lightning Bolt by Vehumet.
 21471 | Orc:2    | Bought a pair of embroidered gloves for 232 gold pieces
 21528 | Orc:2    | Found Ivubuwnahai's Magic Scroll Emporium.
 21537 | Orc:2    | Bought a scroll of fear for 60 gold pieces
 21537 | Orc:2    | Bought a scroll of teleportation for 45 gold pieces
 21543 | Orc:2    | Found Acarhas's Antique Armour Shoppe.
 21551 | Orc:2    | Bought a crude hat for 333 gold pieces
 21551 | Orc:2    | Identified the +1 hat of the Iron City of Dis {Dex+5} (You
                  | bought it in a shop on level 2 of the Orcish Mines)
 23912 | D:12     | Found a transporter.
 23917 | D:12     | Noticed souper's ghost (journeyman DsHu)
 24190 | D:4      | Bought the ring of Exhibitionism {Wiz rElec Dex+3} for 503
                  | gold pieces
 24640 | D:12     | Found a transporter.
 24736 | D:12     | Identified the ring of Liberty {MP+9 Slay+2}
 25072 | Orc:1    | Killed niangp's ghost
 25082 | Orc:1    | Killed Dittersdorf's ghost
 25665 | Orc:1    | Killed asti's ghost
 25934 | Orc:2    | Killed Pooter's ghost
 25935 | Orc:2    | Reached XP level 15. HP: 72/114 MP: 4/33
 26063 | Orc:2    | Identified the ring "Wuzxio" {rC+ Slay+3}
 26270 | D:2      | Bought a potion of curing for 33 gold pieces
 26270 | D:2      | Bought a potion of resistance for 110 gold pieces
 26270 | D:2      | Bought a potion of haste for 110 gold pieces
 26526 | D:13     | Identified the +8 bardiche "Huxzuceo" {venom, rC+}
 26574 | D:13     | Learned a level 5 spell: Lightning Bolt
 26577 | D:13     | Noticed Urug
 26595 | D:13     | Killed Urug
 26658 | D:13     | Found a transporter.
 26839 | D:13     | Found a transporter.
 27310 | D:14     | Reached skill level 15 in Spellcasting
 27794 | D:14     | Offered knowledge of Freezing Cloud by Vehumet.
 27802 | D:14     | Learned a level 5 spell: Freezing Cloud
 27856 | D:14     | Found a gate to the Vaults.
 27927 | D:14     | Noticed Agnes
 27937 | D:14     | Killed Agnes
 28380 | D:15     | Entered Level 15 of the Dungeon
 28969 | D:15     | Identified the +1 hat of Defiance {Str+3}
 28978 | D:15     | Found a glowing silver altar of Zin.
 29034 | D:15     | Found a staircase to the Depths.
 29195 | D:15     | Upgraded the game from 0.30-a0-793-g160f7cfddd to
                  | 0.30-a0-808-g6e0788376e
 29403 | Elf:1    | Entered Level 1 of the Elven Halls
 29704 | Elf:1    | Reached skill level 10 in Earth Magic
 30566 | Elf:1    | Reached skill level 10 in Conjurations
 30786 | Elf:1    | Identified a scroll of acquirement
 30787 | Elf:1    | Acquired the +1 pair of boots of the Dropbear {rC+}
 31000 | Elf:1    | HP: 2/126 [+1 scimitar of protection (21)]
 31285 | Elf:1    | Reached skill level 16 in Spellcasting
 31470 | Elf:1    | Paralysed by an air elemental for 1 turns
 31896 | Elf:1    | Found Bepteg's Distillery.
 31917 | Elf:1    | Bought a potion of heal wounds for 80 gold pieces
 31917 | Elf:1    | Bought a potion of magic for 128 gold pieces
 31917 | Elf:1    | Bought a potion of curing for 48 gold pieces
 31917 | Elf:1    | Bought a potion of heal wounds for 80 gold pieces
 31917 | Elf:1    | Bought a potion of curing for 48 gold pieces
 31917 | Elf:1    | Bought a potion of haste for 160 gold pieces
 32148 | Elf:1    | Noticed a deep elf sorcerer
 32154 | Elf:1    | Killed a deep elf sorcerer
 32316 | Elf:1    | Reached XP level 16. HP: 134/134 MP: 19/36
 32752 | Elf:2    | Reached skill level 10 in Fighting
 33016 | Elf:2    | Offered knowledge of Yara's Violent Unravelling by Vehumet.
 33702 | Elf:2    | Found Taunk's Jewellery Shoppe.
 33725 | Elf:2    | Paralysed by an air elemental for 1 turns
 34019 | Elf:2    | Got the Vellum of Exothermic Skeletons
 34026 | Elf:2    | Learned a level 5 spell: Yara's Violent Unravelling
 34081 | Elf:2    | Paralysed by an air elemental for 1 turns
 34358 | Elf:2    | Found a runed translucent gate.
 34359 | Elf:2    | Found a runed translucent gate.
 34359 | Elf:2    | Found a runed translucent gate.
 34918 | Elf:2    | Reached skill level 17 in Spellcasting
 35416 | Elf:2    | Offered knowledge of Lehudib's Crystal Spear by Vehumet.
 35467 | Elf:2    | Learned a level 8 spell: Lehudib's Crystal Spear
 35709 | Elf:3    | Entered Level 3 of the Elven Halls
 35804 | Elf:3    | Found Ibbekko's Antique Weapon Shoppe.
 35846 | Elf:3    | Found a shimmering blue altar of Sif Muna.
 35921 | Elf:3    | Reached skill level 1 in Transmutations
 36030 | Elf:3    | Identified the amulet "Kaudwure" {RegenMP Contam rN+ Dex+2}
 36134 | Elf:3    | Got the Parchment of Formation
 36295 | Elf:3    | Noticed a deep elf blademaster
 36297 | Elf:3    | Reached XP level 17. HP: 141/141 MP: 29/38
 36299 | Elf:3    | Killed a deep elf blademaster
 36300 | Elf:3    | Reached skill level 1 in Hexes
 36702 | Elf:3    | Found Eheskeroz's Assorted Antiques.
 36711 | Elf:3    | Bought a potion of heal wounds for 160 gold pieces
 36867 | Elf:3    | Identified the +1 leather armour of Soft Rains {rElec rF+}
 36967 | Elf:3    | Identified the +0 hand axe "Saff" {venom, rF+ Str+7}
 37080 | Elf:3    | Identified the +9 war axe "Larifoti" {freeze, Str+7}
 37089 | Elf:3    | Identified the +5 scimitar "Buosaz" {antimagic, rElec rPois
                  | rCorr Int-4}
 37335 | Elf:3    | Reached skill level 18 in Spellcasting
 37476 | Elf:3    | Noticed a deep elf master archer
 37486 | Elf:3    | Reached skill level 10 in Dodging
 37486 | Elf:3    | Reached skill level 5 in Summonings
 37738 | Elf:3    | Killed a deep elf master archer
 38121 | Elf:3    | Got the Folio of Trauma
 38172 | Elf:3    | Noticed a deep elf blademaster
 38177 | Elf:3    | Killed a deep elf blademaster
 38355 | Elf:3    | Learned a level 5 spell: Metabolic Englaciation
 38369 | Elf:3    | Noticed a deep elf master archer
 38372 | Elf:3    | Killed a deep elf master archer
 38753 | Elf:3    | Reached skill level 10 in Evocations
 38950 | Elf:3    | Identified the +2 pair of gloves of the Skies Above {Fly
                  | rF+ rCorr}
 39368 | Elf:3    | Found Cioj's Antique Weapon Boutique.
 39409 | Elf:3    | Found Gefoera's Tremendous Tomes.
 39410 | Elf:3    | Found Rohem's Antique Weapon Emporium.
 39564 | Elf:2    | Bought the ring "Amen" {Wiz rPois Will+} for 748 gold
                  | pieces
 39870 | Swamp:1  | Entered Level 1 of the Swamp
 40371 | Swamp:1  | Found a bloodstained altar of Trog.
 41206 | Swamp:2  | You are sucked into a shaft and drop 1 floor!
 41640 | Swamp:2  | Offered knowledge of Shatter by Vehumet.
 41640 | Swamp:2  | Offered knowledge of Chain Lightning by Vehumet.
 41640 | Swamp:2  | Offered knowledge of Polar Vortex by Vehumet.
 41761 | Swamp:2  | Reached XP level 18. HP: 133/151 MP: 40/40
 42897 | Swamp:4  | Entered Level 4 of the Swamp
 43748 | Swamp:4  | Noticed the 27-headed Lernaean hydra
 44090 | Swamp:4  | Killed the 27-headed Lernaean hydra
 44110 | Swamp:4  | Reached skill level 19 in Spellcasting
 44392 | Swamp:4  | Got a decaying rune of Zot
 44616 | Spider:1 | Entered Level 1 of the Spider Nest
 47839 | Spider:2 | Noticed Nikola
 47855 | Spider:2 | Killed Nikola
 48326 | Spider:3 | Reached XP level 19. HP: 160/160 MP: 37/42
 49820 | Spider:4 | Entered Level 4 of the Spider Nest
 50991 | Spider:4 | Learned a level 7 spell: Ozocubu's Refrigeration
 52393 | Spider:4 | Identified the +0 pair of boots "Ennavuuc" {rPois rF+++
                  | rC-}
 52398 | Spider:4 | Got a gossamer rune of Zot
 52782 | Vaults:1 | Entered Level 1 of the Vaults
 52955 | Vaults:1 | Reached skill level 20 in Spellcasting
 53895 | Vaults:1 | Reached XP level 20. HP: 97/171 MP: 25/44
 55451 | Vaults:2 | Reached skill level 1 in Shields
 55647 | Vaults:2 | Found a crumbling gateway.
 55667 | Desolati | Entered the Desolation of Salt
 55921 | Desolati | Reached skill level 15 in Conjurations
 56108 | Desolati | Identified the +2 robe of Lakh {rPois Str-2 Stlth+}
 56458 | Desolati | Identified the ring of Daer Pae {EV+5 Int+2 Stlth+}
 56919 | Desolati | Identified the ring "Rofufuu" {Wiz Str+4}
 56977 | Desolati | Slain by a saltling

Illustrated notes

Levels and vault maps discovered:
D:1:      ncdulo_wetmaze, layout_loops_cross
D:2:      layout_loops_cross, serial_shops, nicolae_diamond_shop,
          ebering_ecumenical_altar_abandoned
D:3:      layout_loops_cross, nicolae_overflow_crystal_walls,
          mainiacjoe_overflow_alcove_4, minmay_misc_feat_rows
D:4:      layout_cave_pools, grunt_temple_overflow_cloverleaf,
          portal_sewer_entry_a, gammafunk_ghost_cemetery, serial_shops,
          nicolae_shop_waterfront, uniq_natasha, uniq_ijyb
D:5:      layout_loops_ring, elyvilon_altar_3,
          gammafunk_temple_overflow_elements, temple_statues, chequers_avenue
D:6:      layout_loops_ring, mainiacjoe_overflow_alcove_2, xom_redecorated,
          ashenzari_altar_1, nrook_mini_backslash,
          hangedman_decor_clover_reticule, dk_noncrumbling_4,
          nicolae_fountain_basement
D:7:      layout_rooms, grunt_ogre_cave, uniq_menkaure
D:8:      layout_basic, ebering_ghost_inner_flame, enter_bailey_5
D:9:      layout_cave_pools, lemuel_zombie_altar_kikubaaqudgha,
          dpeg_lair_monsters, hangedman_feature_mirror, uniq_gastronok
D:10:     minmay_evil_eye, layout_basic, mainiacjoe_overflow_surrounded_room,
          david_orc_3, nicolae_diode_basic
D:11:     layout_layer_cave, portal_ice_cave_demonic_guard,
          nemelex_diamond_rough_becter, uniq_fannar
D:12:     layout_small_grid, gammafunk_ghost_berserking_beasts
D:13:     gammafunk_beogh_shrine, layout_rooms, kennysheep_decorative_pillar,
          uniq_urug
D:14:     layout_long_grid, erik_vaults_1, serial_park_square2, uniq_agnes
D:15:     grunt_enter_depths_giant_problem, layout_irregular_city,
          minmay_misc_feat_columns, zin_angel
Lair:1:   layout_misc_corridors, infiniplex_staircase_pool,
          serial_bayou_shore_b, uniq_grum
Lair:2:   layout_regular_city, skrybe_swamp_entry_bodies,
          spider_nest_entry_funnel_web
Lair:3:   layout_chaotic_city
Lair:4:   layout_hall_layers, infiniplex_staircase_pool_2
Lair:5:   minmay_lair_end_frog_pond, layout_cave_pods,
          nicolae_slime_entry_slimehenge
Swamp:1:  layout_basic_swamp, lemuel_altar_in_water, swamp_pool3
Swamp:2:  layout_falls_marsh, hangedman_swamp_ruin_hall
Swamp:3:  layout_basic_swamp, evilmike_swamp_ruin_house_2
Swamp:4:  swamp_old_school, layout_basic_swamp
Spider:1: layout_cave_pods, hangedman_spider_tarantella_strand
Spider:2: layout_spider_delve, uniq_nikola
Spider:3: layout_spider_delve
Spider:4: floodkiller_spider_rune_tomb
Orc:1:    layout_diamond_mine, basic_altar, hellmonk_guarded_unrand_dark_maul
Orc:2:    kennysheep_orc_mage_school, layout_caves, gammafunk_ghost_cemetery
Elf:1:    elf_arrival_002, layout_rooms, hangedman_elf_represent,
          grunt_ministairs_8, minmay_shop_star
Elf:2:    nicolae_elf_blades_crystal_corner, layout_gridlike, serial_shops,
          shop, st_stairs_6, nicolae_elf_blasts_and_bolts
Elf:3:    grunt_elf_hall_diamonds, layout_gridlike, serial_shops, shop_statue,
          shop, shop, nicolae_shop_overgrown_old_shop,
          nicolae_shop_i_like_big_books, hangedman_summoners_spam
Vaults:1: v_misc_29, ontoclasm_vaults_claustrophobia,
          ontoclasm_vaults_ring_large, nicolae_vaults_little_squares_5,
          hangedman_vaults_trim, nicolae_vaults_alarming,
          layout_vaults_chaotic_city
Vaults:2: portal_desolation_entry_nicolae_slug, st_more_cells,
          nicolae_vaults_big_angled_halls, ontoclasm_vaults_shuriken,
          nicolae_vaults_little_squares_4, v_alt_pattern_2, v_misc_15,
          v_misc_30, vaults_dpeg_emergency_exit, vaults_mumra_hex,
          nicolae_vaults_mini_display_case, nicolae_vaults_bisected_slash,
          v_misc_26, vaults_room_semicircle, hangedman_vaults_capsules,
          layout_vaults_omnicross, uniq_frederick
Desolation

Skill      XL: |  1  2  3  4  5  6  7  8  9 10 11 12 13 14 15 16 17 18 19 20 |
---------------+-------------------------------------------------------------+-----
Dodging        | 2 3 4 5 6 7 8 9 10 11 | 11.7
Fighting       | 1 2 3 5 6 7 8 9 10 11 12 13 | 13.5
Earth Magic    | 1 2 3 4 5 6 7 8 9 10 11 12 13 14 | 14.3
Conjurations   | 1 2 3 5 6 7 9 10 11 12 13 14 15 | 15.1
Invocations    | 1 2 3 4 5 6 7 8 9 |  9.2
Spellcasting   | 3 4 5 6 8 10 11 13 14 16 17 18 19 20 | 20.4
Stealth        | 2 3 4 |  4.7
Ice Magic      | 5 6 7 8 9 10 11 12 13 | 13.9
Evocations     | 1 2 4 5 6 7 8 9 10 | 10.9
Short Blades   | 1 2 3 |  3.3
Summonings     | 3 6 8 |  8.1
Air Magic      | 1 2 3 4 |  4.0
Poison Magic   | 1 |  1.5
Transmutations | 1 |  1.9
Hexes          | 1 2 |  2.2
Shields        | 1 |  1.1
Staves         | |  0.2
Translocations | |  0.6
Fire Magic     | |  0.4

Action                     |  1- 3 |  4- 6 |  7- 9 | 10-12 | 13-15 | 16-18 | 19-21 || total
---------------------------+-------+-------+-------+-------+-------+-------+-------++-------
  Melee: Dagger            |    14 |    98 |   123 |       |       |       |       ||   235
         Unarmed           |     2 |       |       |       |       |       |       ||     2
         Tailslap          |     4 |     7 |    24 |    11 |     8 |     6 |    26 ||    86
         Punch             |       |     1 |     2 |     2 |     1 |       |     4 ||    10
         Short sword       |       |       |     1 |    53 |    12 |       |       ||    66
         Staff             |       |       |       |    11 |    15 |     3 |     4 ||    33
         Flail             |       |       |       |     3 |     8 |       |       ||    11
         Quick blade       |       |       |       |       |       |    24 |    81 ||   105
   Cast: Freeze            |    32 |    35 |    25 |    78 |   107 |     2 |     8 ||   287
         Sandblast         |     2 |    22 |     7 |    14 |     7 |       |       ||    52
         Frozen Ramparts   |     1 |    17 |    14 |    23 |    26 |       |       ||    81
         Summon Ice Beast  |       |       |    10 |    15 |    32 |       |       ||    57
         Stone Arrow       |       |       |    12 |   241 |   578 |   267 |   333 ||  1431
         Blink             |       |       |     1 |       |     8 |     2 |     1 ||    12
         Ozocubu's Armour  |       |       |     1 |     3 |     7 |       |       ||    11
         Mephitic Cloud    |       |       |       |    29 |    19 |       |       ||    48
         Ignite Poison     |       |       |       |     5 |    17 |       |       ||    22
         Petrify           |       |       |       |     3 |    49 |     4 |       ||    56
         Iskenderun's Myst |       |       |       |     2 |     4 |       |       ||     6
         Flame Wave        |       |       |       |       |     4 |       |       ||     4
         Lee's Rapid Decon |       |       |       |       |    70 |    38 |    83 ||   191
         Orb of Destructio |       |       |       |       |    68 |   374 |   167 ||   609
         Freezing Cloud    |       |       |       |       |    18 |   150 |    67 ||   235
         Lightning Bolt    |       |       |       |       |    11 |     2 |       ||    13
         Yara's Violent Un |       |       |       |       |       |    12 |     2 ||    14
         Metabolic Englaci |       |       |       |       |       |    13 |    22 ||    35
         Lehudib's Crystal |       |       |       |       |       |     6 |    21 ||    27
         Ozocubu's Refrige |       |       |       |       |       |       |    14 ||    14
Ability: Breathe Dispellin |       |       |     1 |     1 |       |     2 |       ||     4
  Evoke: Wand              |       |       |     1 |       |    47 |    26 |    36 ||   110
         Lightning rod     |       |       |       |     9 |     8 |    20 |    11 ||    48
         Phantom mirror    |       |       |       |       |     1 |     3 |     2 ||     6
         Condenser vane    |       |       |       |       |       |     2 |     1 ||     3
         Phial of floods   |       |       |       |       |       |       |     2 ||     2
    Use: Scroll            |       |     8 |     9 |     9 |    17 |     6 |     9 ||    58
         Potion            |       |       |    10 |       |     7 |       |     7 ||    24
   Stab: Sleeping          |     2 |     2 |     3 |     1 |       |       |       ||     8
         Distracted        |       |       |     1 |       |       |       |       ||     1
         Petrified         |       |       |       |       |     5 |       |       ||     5
         Invisible         |       |       |       |       |     1 |       |       ||     1
 Armour: Skin              |    10 |    73 |    87 |   115 |   160 |   254 |   171 ||   870
  Dodge: Dodged            |    10 |    69 |   163 |   212 |   425 |   535 |   486 ||  1900
         Repelled          |     1 |       |       |       |       |       |       ||     1
  Block: Other             |       |       |       |       |    27 |       |    23 ||    50
         Orb               |       |       |       |       |       |     5 |       ||     5
         Reflection        |       |       |       |       |       |     3 |     4 ||     7

Table legend: (Time is in decaauts)
 A = Elapsed time spent in this place.
 B = Non-inter-level travel time spent in this place.
 C = Inter-level travel time spent in this place.
 D = Time resting spent in this place.
 E = Time spent auto-exploring this place.
 F = Levels seen in this place.
 G = Mean time per level.
                   A        B        C        D        E       F      G
               +--------+--------+--------+--------+--------+-----+--------+
         Total |  57145 |  54189 |   2956 |  17540 |  25207 |  38 | 1503.8 |
       Dungeon |  17749 |  16319 |   1430 |   3382 |   9424 |  15 | 1183.3 |
          Lair |   7650 |   7127 |    523 |   1695 |   4328 |   5 | 1530.0 |
         Swamp |   4720 |   4506 |    214 |   1427 |   2250 |   4 | 1180.0 |
   Spider Nest |   7842 |   7598 |    244 |   3333 |   2520 |   4 | 1960.5 |
  Orcish Mines |   4968 |   4769 |    199 |   2277 |   1480 |   2 | 2484.0 |
   Elven Halls |   9211 |   8927 |    284 |   3884 |   3128 |   3 | 3070.3 |
        Vaults |   2875 |   2817 |     58 |    832 |   1442 |   2 | 1437.5 |
         Sewer |    526 |    526 |      0 |      8 |    380 |   1 |  526.0 |
        Bailey |    296 |    296 |      0 |     13 |     92 |   1 |  296.0 |
    Desolation |   1305 |   1305 |      0 |    689 |    161 |   1 | 1305.0 |
               +--------+--------+--------+--------+--------+-----+--------+

Top non-repeatable levels by time:
   Orc:2: 3313 daAuts
   Elf:2: 3269 daAuts
   Elf:3: 3112 daAuts
   Elf:1: 2829 daAuts
Spider:1: 2729 daAuts
Vaults:1: 2647 daAuts
Spider:3: 2125 daAuts
Spider:4: 1932 daAuts
  Lair:5: 1887 daAuts
  Lair:4: 1802 daAuts
    D:10: 1741 daAuts
  Lair:2: 1706 daAuts
    D:11: 1685 daAuts
   Orc:1: 1655 daAuts
 Swamp:1: 1619 daAuts
